[ AOE2 MATCH · #476419652 ]
UnrankedVietnamese vs Malay
Rival team · LOSS
[ REPLAY ANALYSIS · EXTRACTED FROM THE RECORDED GAME ]
Feudal
9:16
Castle
—
Imperial
—
| APM avg | 58.1 |
| APM peak | 118 |
| eAPM avg | 15.2 |
| Villagers / military | 30 / 3 |
Focus
⚔️ 21.6% · 🌾 78.4%
Militia ×3
Feudal
8:31
Castle
—
Imperial
—
| APM avg | 34.7 |
| APM peak | 73 |
| eAPM avg | 15.6 |
| Villagers / military | 30 / 0 |
Focus
⚔️ 30.3% · 🌾 69.7%
Match map
Initial resources + every placement click. Lines = walls · curves = elevation contours. ◆ gold · ⬟ stone · ● berries · ✦ relic · ◌ wall gap
Your base· Open — unwalled flank
VLC | DeaH's base· Open — unwalled flank
Smoothed initial terrain · ◌ = detected wall gap · hover for details
Inputs per minute
— マキシム - - VLC | DeaH
Build order — マキシム
63 actions detected in the replay
| 0:00 | Create | Villager (Male) |
| 0:01 | Create | Villager (Male) |
| 0:01 | Create | Villager (Male) |
| 0:02 | Build | House |
| 0:03 | Build | House |
| 0:06 | Create | Villager (Male) |
| 1:26 | Create | Villager (Male) |
| 1:50 | Build | Lumber Camp |
| 2:03 | Create | Villager (Male) |
| 2:03 | Create | Villager (Male) |
| 2:12 | Create | Villager (Male) |
| 2:46 | Create | Villager (Male) |
| 2:46 | Create | Villager (Male) |
| 3:04 | Create | Villager (Male) |
| 3:30 | Create | Villager (Male) |
| 3:38 | Build | House |
| 3:53 | Create | Villager (Male) |
| 3:53 | Create | Villager (Male) |
| 4:27 | Create | Villager (Male) |
| 4:59 | Create | Villager (Male) |
| 4:59 | Create | Villager (Male) |
| 5:11 | Build | Barracks |
| 5:19 | Create | Villager (Male) |
| 5:42 | Build | House |
| 5:49 | Build | House |
| 6:09 | Create | Villager (Male) |
| 6:25 | Research | Loom |
| 6:28 | Create | Villager (Male) |
| 6:49 | Build | Mining Camp |
| 6:54 | Research | Feudal Age |
| 7:12 | Create | Militia |
| 7:41 | Create | Militia |
| 7:55 | Build | House |
| 8:06 | Build | Mill |
| 8:13 | Create | Militia |
| 9:06 | Create | Villager (Male) |
| 9:16 | Build | Farm |
| 9:16 | Age | Feudal Age |
| 9:30 | Build | Farm |
| 9:32 | Research | Man-at-Arms (upgrade) |
| 10:04 | Create | Villager (Male) |
| 10:22 | Create | Villager (Male) |
| 10:44 | Create | Villager (Male) |
| 10:47 | Build | Farm |
| 11:12 | Create | Villager (Male) |
| 11:14 | Build | Farm |
| 11:19 | Build | Stable |
| 11:24 | Build | Farm |
| 11:33 | Create | Villager (Male) |
| 11:39 | Build | House |
| 11:49 | Build | House |
| 11:54 | Research | Double-Bit Axe |
| 11:59 | Build | Mill |
| 12:03 | Build | Farm |
| 12:07 | Build | House |
| 12:10 | Create | Villager (Male) |
| 12:20 | Build | Farm |
| 12:33 | Create | Villager (Male) |
| 12:37 | Build | Farm |
| 12:45 | Build | House |
| 12:46 | Build | House |
| 12:58 | Create | Villager (Male) |
| 12:58 | Create | Villager (Male) |
Build order — VLC | DeaH
60 actions detected in the replay
| 0:01 | Create | Villager (Male) |
| 0:01 | Create | Villager (Male) |
| 0:01 | Create | Villager (Male) |
| 0:02 | Build | House |
| 0:03 | Build | House |
| 0:09 | Create | Villager (Male) |
| 0:09 | Create | Villager (Male) |
| 1:40 | Create | Villager (Male) |
| 1:40 | Create | Villager (Male) |
| 2:00 | Create | Villager (Male) |
| 2:09 | Build | Lumber Camp |
| 2:22 | Create | Villager (Male) |
| 2:22 | Create | Villager (Male) |
| 2:44 | Build | House |
| 2:49 | Create | Villager (Male) |
| 2:50 | Create | Villager (Male) |
| 3:20 | Create | Villager (Male) |
| 3:20 | Create | Villager (Male) |
| 3:21 | Create | Villager (Male) |
| 3:54 | Create | Villager (Male) |
| 3:55 | Create | Villager (Male) |
| 4:21 | Create | Villager (Male) |
| 4:34 | Build | Palisade Wall |
| 4:39 | Build | Mill |
| 4:42 | Create | Villager (Male) |
| 5:13 | Build | House |
| 5:17 | Create | Villager (Male) |
| 5:39 | Create | Villager (Male) |
| 5:58 | Create | Villager (Male) |
| 6:41 | Research | Loom |
| 7:07 | Build | Palisade Wall |
| 7:13 | Research | Feudal Age |
| 7:53 | Build | Lumber Camp |
| 8:18 | Build | House |
| 8:28 | Create | Villager (Male) |
| 8:31 | Age | Feudal Age |
| 8:35 | Research | Double-Bit Axe |
| 8:46 | Create | Villager (Male) |
| 9:02 | Build | Barracks |
| 9:08 | Build | House |
| 9:17 | Create | Villager (Male) |
| 9:28 | Build | Mill |
| 9:34 | Create | Villager (Male) |
| 9:58 | Build | House |
| 10:00 | Build | Palisade Wall |
| 10:01 | Create | Villager (Male) |
| 10:10 | Build | House |
| 10:13 | Build | Palisade Wall |
| 10:23 | Research | Horse Collar |
| 10:24 | Create | Villager (Male) |
| 10:28 | Build | Farm |
| 10:30 | Build | House |
| 10:35 | Build | House |
| 10:44 | Build | Palisade Wall |
| 10:51 | Create | Villager (Male) |
| 11:03 | Build | House |
| 11:04 | Build | Archery Range |
| 11:05 | Create | Villager (Male) |
| 11:26 | Build | Farm |
| 11:28 | Build | Farm |
Match timeline
| 4:34 | VLC | DeaH · wall_segment Palisade Wall x7 |
| 5:11 | マキシム · first_building Barracks |
| 7:07 | VLC | DeaH · wall_segment Palisade Wall x15 |
| 8:31 | VLC | DeaH · age_up feudal |
| 9:02 | VLC | DeaH · first_building Barracks |
| 9:16 | マキシム · age_up feudal |
| 10:00 | VLC | DeaH · wall_segment Palisade Wall x5 |
| 10:13 | VLC | DeaH · wall_segment Palisade Wall x10 |
| 10:44 | VLC | DeaH · wall_segment Palisade Wall x6 |
| 11:04 | VLC | DeaH · first_building Archery Range |
| 11:19 | マキシム · first_building Stable |
| 13:07 | VLC | DeaH · resign |
[ AI ANALYSIS · 1 CREDIT ]
What really happened in this match?
Wolo.gg analyzes every decision: build order, eco, micro, common mistakes by bracket. Personalized analysis on WhatsApp or Discord in 30 seconds.
Civ guide
Vietnamese
Perfil
Jugador #4240450